TOP OF THE 1ST |
Florida State University Seminoles batting - Pitching for University of Southern California Trojans : RHP Steve Depre
|
Pitching: RHP Steve Depre
|
|
Batting: RHB Larry Berge
|
0-0: Ball 1-0: Ball 2-0: Swinging Strike 2-1: Ball 3-1: Called Strike 3-2: Strikes out swinging
|
Batting: RHB Jonathan Bruni
|
0-0: Ball 1-0: Ground out 5-3 (Groundball, 5L, EV 78.8 MPH)
|
Batting: LHB Ethan Ware
|
0-0: Ball 1-0: Ball 2-0: Swinging Strike 2-1: Foul Ball, location: 2F 2-2: Foul Ball, location: 2F 2-2: SINGLE (Line Drive, 89S, EV 92.5 MPH)
|
Batting: RHB Tony Valdez
|
0-0: Foul Ball, location: 2F 0-1: Ball 1-1: Called Strike 1-2: Strikes out swinging
|
Top of the 1st over - 0 runs, 1 hit, 0 errors, 1 left on base; Florida State University 0 - University of Southern California 0 |
BOTTOM OF THE 1ST |
University of Southern California Trojans batting - Pitching for Florida State University Seminoles : RHP Danny Sabido
|
Pitching: RHP Danny Sabido
|
|
Batting: LHB Alonzo Catalan
|
0-0: Called Strike 0-1: Foul Ball, location: 2F 0-2: Ball 1-2: Ball 2-2: Ball 3-2: Base on Balls
|
Batting: RHB Jochen Schanz
|
0-0: Ball 1-0: Called Strike Alonzo Catalan steals 2nd base 1-1: Foul Ball, location: 2F 1-2: Ball 2-2: Foul Ball, location: 2F 2-2: Ball 3-2: Ground out 6-3 (Groundball, 4M, EV 86.2 MPH) Alonzo Catalan to third
|
Batting: RHB Eric Baker
|
0-0: Called Strike 0-1: Ball 1-1: Swinging Strike 1-2: Foul Ball, location: 2F 1-2: Ball 2-2: Ball 3-2: Foul Ball, location: 2F 3-2: Ground out 5-3 (Groundball, 56, EV 83.8 MPH) Alonzo Catalan scores
|
Batting: LHB Eli Evenson
|
0-0: Foul Ball, location: 2F 0-1: Ball 1-1: Ground out 4-3 (Groundball, 4, EV 110.0 MPH)
|
Bottom of the 1st over - 1 run, 0 hits, 0 errors, 0 left on base; Florida State University 0 - University of Southern California 1 |
TOP OF THE 2ND |
Florida State University Seminoles batting - Pitching for University of Southern California Trojans : RHP Steve Depre
|
Batting: RHB Terry Cisneros
|
0-0: Called Strike 0-1: Ground out 5-3 (Groundball, 56D, EV 80.0 MPH)
|
Batting: SHB Jason Farr
|
0-0: Ground out 6-3 (Groundball, 6D, EV 102.5 MPH)
|
Batting: LHB John Doiron
|
0-0: Called Strike 0-1: Foul Ball, location: 2F 0-2: Ball 1-2: SINGLE (Groundball, 6MS, EV 81.2 MPH) (infield hit)
|
Batting: RHB George Smienk
|
0-0: Swinging Strike 0-1: Ball 1-1: Ball 2-1: Reached on error, E4 (Groundball, 4, EV 89.4 MPH) John Doiron to third
|
Batting: RHB Butch Huskey
|
0-0: Called Strike 0-1: Ball 1-1: Swinging Strike 1-2: Ball 2-2: Ball 3-2: Ground out 6-3 (Groundball, 6, EV 104.4 MPH)
|
Top of the 2nd over - 0 runs, 1 hit, 1 error, 2 left on base; Florida State University 0 - University of Southern California 1 |
BOTTOM OF THE 2ND |
University of Southern California Trojans batting - Pitching for Florida State University Seminoles : RHP Danny Sabido
|
Batting: SHB Jason Keys
|
0-0: Ball 1-0: Ball 2-0: Ball 3-0: Called Strike 3-1: DOUBLE (Flyball, 78XD, EV 104.4 MPH)
|
Batting: RHB Bobby Basoco
|
0-0: Fly out, F8 (Flyball, 8RXD, EV 80.6 MPH) Runner from 2nd tags up, SAFE at 3rd, no throw by CF
|
Batting: RHB John Sandberg
|
0-0: Ball Wild Pitch! Jason Keys scores 1-0: Ball 2-0: Ball 3-0: Called Strike 3-1: Foul Ball, location: 2F 3-2: Fly out, F7 (Line Drive, 78D, EV 91.2 MPH)
|
Batting: RHB Jim Baltazar
|
0-0: Ball 1-0: Ball 2-0: Called Strike 2-1: Called Strike 2-2: Ball 3-2: Strikes out swinging
|
Bottom of the 2nd over - 1 run, 1 hit, 0 errors, 0 left on base; Florida State University 0 - University of Southern California 2 |
TOP OF THE 3RD |
Florida State University Seminoles batting - Pitching for University of Southern California Trojans : RHP Steve Depre
|
Batting: RHB Larry Berge
|
0-0: Ball 1-0: SINGLE (Groundball, 6MD, EV 101.9 MPH)
|
Batting: RHB Jonathan Bruni
|
0-0: Called Strike Pickoff Throw to First - Error! E1 Larry Berge to second 0-1: Ground out 6-3 (Groundball, 6, EV 101.9 MPH)
|
Batting: LHB Ethan Ware
|
0-0: Ball 1-0: Called Strike 1-1: Ball Passed Ball! Larry Berge to third 2-1: Foul Ball, location: 2F 2-2: Ground out 4-3 (Groundball, 4, EV 85.6 MPH) Larry Berge scores
|
Batting: RHB Tony Valdez
|
0-0: Ball 1-0: Ground out 1-3 (Groundball, 34S, EV 71.9 MPH)
|
Top of the 3rd over - 1 run, 1 hit, 1 error, 0 left on base; Florida State University 1 - University of Southern California 2 |
BOTTOM OF THE 3RD |
University of Southern California Trojans batting - Pitching for Florida State University Seminoles : RHP Danny Sabido
|
Batting: LHB Roger Kean
|
0-0: Ball 1-0: Called Strike 1-1: Ball 2-1: Ball 3-1: Swinging Strike 3-2: Base on Balls
|
Batting: LHB Alonzo Catalan
|
0-0: Called Strike 0-1: Called Strike 0-2: Ball 1-2: Fielders Choice at 2nd, 6-4 (Groundball, 6, EV 80.6 MPH)
|
Batting: RHB Jochen Schanz
|
0-0: Ball Alonzo Catalan steals 2nd base (no throw) 1-0: Called Strike 1-1: Foul Ball, location: 2F 1-2: Fly out, F8 (Flyball, 89D, EV 91.9 MPH) Runner from 2nd tags up, SAFE at 3rd, no throw by CF
|
Batting: RHB Eric Baker
|
0-0: Foul Ball, location: 2F 0-1: Ball 1-1: Foul Ball, location: 2F 1-2: SINGLE (Line Drive, 34D, EV 108.1 MPH) Alonzo Catalan scores
|
Batting: LHB Eli Evenson
|
0-0: Fly out, F1 (Line Drive, P, EV 71.9 MPH)
|
Bottom of the 3rd over - 1 run, 1 hit, 0 errors, 1 left on base; Florida State University 1 - University of Southern California 3 |
TOP OF THE 4TH |
Florida State University Seminoles batting - Pitching for University of Southern California Trojans : RHP Steve Depre
|
Batting: RHB Terry Cisneros
|
0-0: Ball 1-0: Called Strike 1-1: Ball 2-1: Swinging Strike 2-2: Ball 3-2: Strikes out swinging
|
Batting: SHB Jason Farr
|
0-0: Ball 1-0: Reached on error, E4 (Groundball, 4, EV 85.0 MPH)
|
Batting: LHB John Doiron
|
0-0: Called Strike 0-1: Ball 1-1: Ball 2-1: Ball 3-1: Called Strike Jason Farr is caught stealing 2nd base 2-6 3-2: Strikes out swinging
|
Top of the 4th over - 0 runs, 0 hits, 1 error, 0 left on base; Florida State University 1 - University of Southern California 3 |
BOTTOM OF THE 4TH |
University of Southern California Trojans batting - Pitching for Florida State University Seminoles : RHP Danny Sabido
|
Batting: SHB Jason Keys
|
0-0: Ball 1-0: Called Strike 1-1: Called Strike 1-2: Ball 2-2: Strikes out swinging
|
Batting: RHB Bobby Basoco
|
0-0: Called Strike 0-1: Ground out 4-3 (Groundball, 4MD, EV 90.6 MPH)
|
Batting: RHB John Sandberg
|
0-0: Ball 1-0: Called Strike 1-1: Foul Ball, location: 2F 1-2: Ball 2-2: Ball 3-2: Strikes out looking
|
Bottom of the 4th over - 0 runs, 0 hits, 0 errors, 0 left on base; Florida State University 1 - University of Southern California 3 |
TOP OF THE 5TH |
Florida State University Seminoles batting - Pitching for University of Southern California Trojans : RHP Steve Depre
|
Batting: RHB George Smienk
|
0-0: Ball 1-0: Ball 2-0: Foul Ball, location: 2F 2-1: Swinging Strike 2-2: Foul Ball, location: 2F 2-2: Foul Ball, location: 2F 2-2: Fly out, F8 (Flyball, 8LD, EV 76.9 MPH)
|
Batting: RHB Butch Huskey
|
0-0: Ball 1-0: Ball 2-0: Ground out 2-3 (Groundball, 2R, EV 67.5 MPH)
|
Batting: RHB Larry Berge
|
0-0: Called Strike 0-1: Foul Ball, location: 2F 0-2: Foul Ball, location: 2F 0-2: Ball 1-2: Foul Ball, location: 2F 1-2: Ball 2-2: Strikes out looking
|
Top of the 5th over - 0 runs, 0 hits, 0 errors, 0 left on base; Florida State University 1 - University of Southern California 3 |
BOTTOM OF THE 5TH |
University of Southern California Trojans batting - Pitching for Florida State University Seminoles : RHP Danny Sabido
|
Batting: RHB Jim Baltazar
|
0-0: Ball 1-0: Called Strike 1-1: Swinging Strike 1-2: Ground out 5-3 (Groundball, 5, EV 102.5 MPH)
|
Pitching: RHP Ben Mathias
|
|
Batting: LHB Roger Kean
|
0-0: Ball 1-0: Foul Ball, location: 2F 1-1: Fly out, F4 (Popup, 13, EV 81.9 MPH)
|
Batting: LHB Alonzo Catalan
|
0-0: SOLO HOME RUN (Flyball, 9LD, EV 95.6 MPH), Distance : 348 ft
|
Batting: RHB Jochen Schanz
|
0-0: Called Strike 0-1: Foul Ball, location: 2F 0-2: SINGLE (Groundball, 34D, EV 99.4 MPH)
|
Batting: RHB Eric Baker
|
0-0: Called Strike Jochen Schanz is caught stealing 2nd base 2-4
|
Bottom of the 5th over - 1 run, 2 hits, 0 errors, 0 left on base; Florida State University 1 - University of Southern California 4 |
TOP OF THE 6TH |
Florida State University Seminoles batting - Pitching for University of Southern California Trojans : RHP Steve Depre
|
Pitching: RHP Tyshawn Calvin
|
|
Batting: RHB Jonathan Bruni
|
0-0: Foul Ball, location: 2F 0-1: Ground out 6-3 (Groundball, 6, EV 88.1 MPH)
|
Batting: LHB Ethan Ware
|
0-0: Ball 1-0: Ball 2-0: SINGLE (Groundball, 6MD, EV 95.0 MPH)
|
Batting: RHB Tony Valdez
|
0-0: Ball 1-0: Ball Ethan Ware is caught stealing 2nd base 2-4 2-0: Called Strike 2-1: Ground out 5-3 (Groundball, 56S, EV 72.5 MPH)
|
Top of the 6th over - 0 runs, 1 hit, 0 errors, 0 left on base; Florida State University 1 - University of Southern California 4 |
BOTTOM OF THE 6TH |
University of Southern California Trojans batting - Pitching for Florida State University Seminoles : RHP Ben Mathias
|
Batting: RHB Eric Baker
|
0-0: Foul Ball, location: 2F 0-1: Ball 1-1: Ground out U3 (Groundball, 3, EV 103.8 MPH)
|
Batting: LHB Eli Evenson
|
0-0: Ball 1-0: Swinging Strike 1-1: Ball 2-1: Fly out, F8 (Flyball, 8LS, EV 87.5 MPH)
|
Batting: SHB Jason Keys
|
0-0: Swinging Strike 0-1: Foul Ball, location: 2F 0-2: Ball 1-2: Foul Ball, location: 2F 1-2: Ground out 4-3 (Groundball, 4M, EV 88.8 MPH)
|
Bottom of the 6th over - 0 runs, 0 hits, 0 errors, 0 left on base; Florida State University 1 - University of Southern California 4 |
TOP OF THE 7TH |
Florida State University Seminoles batting - Pitching for University of Southern California Trojans : RHP Tyshawn Calvin
|
Batting: RHB Terry Cisneros
|
0-0: Called Strike 0-1: Ball 1-1: Foul Ball, location: 2F 1-2: Ball 2-2: Strikes out looking
|
Batting: SHB Jason Farr
|
0-0: Called Strike 0-1: Called Strike 0-2: Ball 1-2: Strikes out looking
|
Batting: LHB John Doiron
|
0-0: Ball 1-0: Ball 2-0: Called Strike 2-1: Ground out 1-3 (Groundball, 15S, EV 70.6 MPH)
|
Top of the 7th over - 0 runs, 0 hits, 0 errors, 0 left on base; Florida State University 1 - University of Southern California 4 |
BOTTOM OF THE 7TH |
University of Southern California Trojans batting - Pitching for Florida State University Seminoles : RHP Ben Mathias
|
Batting: RHB Bobby Basoco
|
0-0: Called Strike 0-1: Ball 1-1: Ball 2-1: Ground out 5-3 (Groundball, 56S, EV 62.5 MPH)
|
Batting: RHB John Sandberg
|
0-0: SINGLE (Flyball, 8LS, EV 94.4 MPH)
|
Batting: RHB Jim Baltazar
|
0-0: Ball 1-0: Ball 2-0: Ball 3-0: Base on Balls John Sandberg to second
|
Batting: LHB Roger Kean
|
0-0: Ball 1-0: Ball 2-0: Foul Ball, location: 2F 2-1: Ball 3-1: Base on Balls John Sandberg to third Jim Baltazar to second
|
Batting: LHB Alonzo Catalan
|
0-0: Ball 1-0: Foul Ball, location: 2F 1-1: Fly out, F7 (Flyball, 7, EV 80.6 MPH) Runner from 3rd tags up, SCORES, no throw by LF
|
Batting: RHB Jochen Schanz
|
0-0: Swinging Strike 0-1: Ball 1-1: Ball 2-1: Called Strike 2-2: Foul Ball, location: 2F 2-2: Ground out 2-3 (Groundball, 2L, EV 64.4 MPH)
|
Bottom of the 7th over - 1 run, 1 hit, 0 errors, 2 left on base; Florida State University 1 - University of Southern California 5 |
TOP OF THE 8TH |
Florida State University Seminoles batting - Pitching for University of Southern California Trojans : RHP Tyshawn Calvin
|
Batting: RHB George Smienk
|
0-0: Called Strike 0-1: Called Strike 0-2: Strikes out swinging
|
Batting: RHB Butch Huskey
|
0-0: Ball 1-0: Called Strike 1-1: Ground out 6-3 (Groundball, 6, EV 86.9 MPH)
|
Batting: RHB Larry Berge
|
0-0: Ball 1-0: Ball 2-0: Ball 3-0: Foul Ball, location: 2F 3-1: Base on Balls
|
Batting: RHB Jonathan Bruni
|
0-0: Called Strike 0-1: Ground out 5-3 (Groundball, 5S, EV 83.8 MPH)
|
Top of the 8th over - 0 runs, 0 hits, 0 errors, 1 left on base; Florida State University 1 - University of Southern California 5 |
BOTTOM OF THE 8TH |
University of Southern California Trojans batting - Pitching for Florida State University Seminoles : RHP Ben Mathias
|
Pitching: RHP Danny Weiss
|
|
Batting: RHB Eric Baker
|
0-0: Ground out 4-3 (Groundball, 34, EV 86.9 MPH)
|
Batting: LHB Eli Evenson
|
0-0: Ball 1-0: Foul Ball, location: 2F 1-1: Swinging Strike 1-2: Ball 2-2: Ball 3-2: Fly out, F7 (Line Drive, 7S, EV 93.8 MPH)
|
Batting: SHB Jason Keys
|
0-0: Ball 1-0: Foul Ball, location: 2F 1-1: Ground out 4-3 (Groundball, 4, EV 107.5 MPH)
|
Bottom of the 8th over - 0 runs, 0 hits, 0 errors, 0 left on base; Florida State University 1 - University of Southern California 5 |
TOP OF THE 9TH |
Florida State University Seminoles batting - Pitching for University of Southern California Trojans : RHP Tyshawn Calvin
|
Batting: LHB Ethan Ware
|
0-0: Called Strike 0-1: SINGLE (Line Drive, 9LS, EV 94.4 MPH)
|
Batting: RHB Tony Valdez
|
0-0: Ball 1-0: Ball 2-0: Called Strike 2-1: Fly out, F9 (Flyball, 9S, EV 81.9 MPH)
|
Pinch Hitting: LHB Jeff Shields
|
0-0: Ball 1-0: Foul Ball, location: 2F 1-1: Ball 2-1: Called Strike 2-2: Strikes out swinging
|
Batting: SHB Jason Farr
|
0-0: Ball 1-0: Called Strike 1-1: SINGLE (Groundball, 4D, EV 104.4 MPH) Ethan Ware to second
|
Pitching: RHP Gabe Hires
|
|
Batting: LHB John Doiron
|
0-0: Called Strike 0-1: Swinging Strike 0-2: Ball 1-2: Ball Wild Pitch! Ethan Ware to third Jason Farr to second 2-2: Strikes out looking
|
Top of the 9th over - 0 runs, 2 hits, 0 errors, 2 left on base; Florida State University 1 - University of Southern California 5 |
|